 Dungeon Crawl Stone Soup version 0.19.1 (webtiles) character file.

91 Ladykiller69 the Skirmisher (level 4, -6/41 HPs)
             Began as a Minotaur Abyssal Knight on Dec 21, 2016.
             Was a Believer of Lugonu.
             Killed by divine providence
             ... invoked by an orc priest
              (11 damage)
             ... on level 3 of the Dungeon.
             The game lasted 00:03:23 (1951 turns).

Ladykiller69 the Skirmisher (MiAK)                  Turns: 1951, Time: 00:03:25

Health: -6/41      AC:  3    Str: 16    XL:     4   Next: 33%
Magic:  4/4        EV: 12    Int:  9    God:    Lugonu [**....]
Gold:   100        SH:  0    Dex: 11    Spells: 0 memorised, 3 levels left

rFire  . . .     SeeInvis .     a - +1 falchion
rCold  . . .     Gourm    .     b - +0 leather armour
rNeg   . . .     Faith    .     (no shield)
rPois  .         Spirit   .     (helmet restricted)
rElec  .         Reflect  .     (no cloak)
rCorr  .         Harm     .     (no gloves)
MR     .....                    (no boots)
Stlth  +.........               (no amulet)
                                (no ring)
                                (no ring)

@: no status effects
A: retaliatory headbutt, horns 2
a: Depart the Abyss, Bend Space, Renounce Religion


You were on level 3 of the Dungeon.
You worshipped Lugonu.
Lugonu was pleased with you.
You were not hungry.

You visited 1 branch of the dungeon, and saw 3 of its levels.
You visited the Abyss 1 time.

You collected 100 gold pieces.

Inventory:

Hand Weapons
 a - a +1 falchion (weapon)
Missiles
 f - 31 arrows
 i - 33 stones (quivered)
Armour
 b - a +0 leather armour (worn)
Wands
 j - a wand of iceblast (8/15)
Scrolls
 d - a scroll of blinking {unknown}
 m - a scroll of amnesia {unknown}
 n - 2 scrolls of recharging {unknown}
 o - a scroll of fear {unknown}
 p - 2 scrolls of identify {unknown}
Potions
 e - a potion of haste {unknown}
 h - a potion of resistance {unknown}
Comestibles
 c - a bread ration
 g - a slice of pizza
 k - a meat ration
 l - a beef jerky
 q - 4 chunks of flesh


   Skills:
 + Level 4.3 Fighting
 * Level 3.6 Long Blades
 + Level 2.9 Armour
 + Level 2.2 Dodging
 + Level 2.3 Invocations


You had 3 spell levels left.
You didn't know any spells.

Dungeon Overview and Level Annotations

Branches:
Dungeon (3/15)

Altars:
Elyvilon
Kikubaaqudgha
Sif Muna


Innate Abilities, Weirdness & Mutations

You reflexively headbutt those who attack you in melee.
You have a pair of horns on your head.


Message History

You hit the orc priest.
The orc priest is lightly wounded.
The orc priest hits you with a hand axe.
You hit the orc priest.
The orc priest is moderately wounded.
The orc priest barely misses you.
You riposte.
You hit the orc priest. You headbutt the orc priest.
The orc priest is severely wounded.
You hit the orc priest.
The orc priest is severely wounded.
The orc priest invokes the aid of Beogh against you.
Beogh smites you!
You closely miss the orc priest.
The orc priest is severely wounded.
The orc priest calls down the wrath of Beogh upon you.
Beogh smites you!
* * * LOW HITPOINT WARNING * * *
The orc priest calls down the wrath of Beogh upon you.
Beogh smites you!
You die...

#..........
#..)...###
#......#
#......#
#......#
#...(..#
#.#'####
#.#.# #.#@#
#o# .K.
.....
#......
#.......
#........
#.........


You could see an orc priest and a kobold.

Vanquished Creatures
  Jessica (D:2)
  An adder (D:2)
  A worm (D:2)
  4 dart slugs
  3 orcs (D:3)
  8 bats
  A giant cockroach (D:2)
  5 goblins
  4 hobgoblins
  2 quokkas (D:2)
  A ball python (D:2)
  3 frilled lizards (D:2)
  2 kobolds (D:1)
  10 rats
46 creatures vanquished.

Vanquished Creatures (others)
  A bat (D:1)
1 creature vanquished.

Grand Total: 47 creatures vanquished

Notes
Turn   | Place    | Note
-------+----------+-------------------------------------------
     0 | Abyss:1  | Ladykiller69 the Minotaur Abyssal Knight began the quest for the Orb.
     0 | Abyss:1  | Reached XP level 1. HP: 19/19 MP: 1/1
    33 | D:1      | Escaped the Abyss
   223 | D:1      | Reached XP level 2. HP: 18/27 MP: 2/2
   530 | D:1      | Reached ** piety under Lugonu
   675 | D:1      | Reached skill level 4 in Fighting
   874 | D:2      | Reached XP level 3. HP: 31/33 MP: 3/3
  1429 | D:2      | Found an ancient bone altar of Kikubaaqudgha.
  1429 | D:2      | Found a faded altar of an unknown god.
  1439 | D:2      | Found a faded altar of an unknown god.
  1440 | D:2      | Noticed Jessica
  1441 | D:2      | Found a faded altar of an unknown god.
  1442 | D:2      | Found a faded altar of an unknown god.
  1450 | D:2      | Killed Jessica
  1450 | D:2      | Reached XP level 4. HP: 35/40 MP: 4/4
  1524 | D:2      | Found a white marble altar of Elyvilon.
  1804 | D:2      | Found a deep blue altar of Sif Muna.
  1951 | D:3      | Killed from afar by an orc priest

Skill      XL: |  1  2  3 |
---------------+----------+-----
Long Blades    | 3 |  3.6
Fighting       | 4 |  4.3
Dodging        | 2 |  2.2
Invocations    | 2 |  2.3
Armour         | |  2.9

Action                   |  1- 3 |  4- 6 || total
-------------------------+-------+-------++-------
Melee: Falchion          |    78 |    30 ||   108
       Headbutt          |     9 |     5 ||    14
  Eat: Chunk             |     2 |     1 ||     3
Armor: Leather armour    |    19 |     7 ||    26
Dodge: Dodged            |    45 |    15 ||    60
       Rpst.: Falchion   |     7 |     4 ||    11
